 Dungeon Crawl Stone Soup version 0.22-a0-772-gac08f70 (webtiles) character file.

130955 Amnesiac the Unseen (level 16, -3/120 HPs)
             Began as a Demonspawn Earth Elementalist on July 17, 2018.
             Was a Follower of Dithmenos.
             Slain by a tyrant leech (26 damage)
             ... on level 3 of the Swamp.
             The game lasted 01:33:11 (35317 turns).

Amnesiac the Unseen (DsEE)                         Turns: 35317, Time: 01:33:12

Health: -3/120     AC: 16    Str:  8    XL:     16   Next: 54%
Magic:  44/44      EV: 26    Int: 22    God:    Dithmenos [*.....]
Gold:   277        SH:  5    Dex: 19    Spells: 11/45 levels left

rFire    . . .     SeeInvis +   a - +2 dagger (speed)
rCold    + . .     Gourm    .   u - +0 buckler
rNeg     . . .     Faith    .   J - +5 robe of Night {Dark MR+ SInv}
rPois    +         Spirit   .   (helmet unavailable)
rElec    .         Reflect  .   v - +1 cloak {rPois}
rCorr    .         Harm     .   X - +0 pair of gloves
MR       ++...                  O - +2 pair of boots
Stlth    +++++++++.             s - amulet of magic regeneration
HPRegen  0.30/turn              E - +4 ring of slaying
MPRegen  0.54/turn              A - ring of magical power

@: agile, wreathed by umbra, drained
A: antennae 3, claws 1, thin metallic scales 2, cold resistance 1, nightstalker
1, sense surroundings 1, powered by pain 1, weak 1
a: Renounce Religion


You were on level 3 of the Swamp.
You worshipped Dithmenos.
Dithmenos was aware of your devotion.
You were not hungry.

You visited 5 branches of the dungeon, and saw 27 of its levels.
You also visited: Ice Cave and Volcano.

You collected 12642 gold pieces.
You spent 3721 gold pieces at shops.
You paid 8644 gold pieces to Gozag.

Inventory:

Hand Weapons
 a - a +2 dagger of speed (weapon)
Missiles
 l - 756 stones (quivered)
Armour
 u - a +0 buckler (worn)
 v - a +1 cloak of poison resistance (worn)
 x - the +0 cloak of Anarchy {Regen+ Str+3 Dex+4}
   (You found it on level 6 of the Dungeon)

   It affects your strength (+3).
   It affects your dexterity (+4).
   It increases your rate of regeneration.
 J - the +5 robe of Night (worn) {Dark MR+ SInv}
   (You bought it in a shop on level 3 of the Lair of Beasts)

   It affects your resistance to hostile enchantments.
   It lets you see invisible.
 O - a +2 pair of boots (worn)
 Q - the +2 shield "Rafo Wya" {+Blink rElec rF- Slay+4}
   (You took it off a red devil on level 6 of the Lair of Beasts)

   It affects your accuracy and damage with ranged weapons and melee attacks
   (+4).
   It makes you vulnerable to fire.
   It insulates you from electricity.
   It lets you blink.
 X - a +0 pair of gloves (worn)
Jewellery
 d - an uncursed ring of wizardry
 k - a +5 ring of intelligence
 s - an amulet of magic regeneration (around neck)
 A - a ring of magical power (right hand)
 E - a +4 ring of slaying (left hand)
 N - an uncursed ring of flight
Wands
 r - a wand of acid (21)
 H - a wand of paralysis (12)
 S - a wand of iceblast (8)
 U - a wand of clouds (11)
 W - a wand of digging (9)
Scrolls
 e - 4 scrolls of fear {!r}
 g - 20 scrolls of remove curse {!r}
 i - 8 scrolls of identify {!r}
 j - 4 scrolls of amnesia {!r}
 m - 4 scrolls of fog {!r}
 t - 5 scrolls of enchant armour {!r}
 y - a scroll of silence {!r}
 z - 7 scrolls of teleportation {!r}
 C - a scroll of magic mapping {!r}
 D - a scroll of summoning {!r}
 F - a scroll of blinking {!r}
 G - 3 scrolls of enchant weapon {!r}
 R - 2 scrolls of noise {!r}
 T - 4 scrolls of vulnerability {!r}
Potions
 c - a potion of cancellation {!q}
 f - 4 potions of agility {!q}
 h - a potion of magic {!q}
 n - 15 potions of curing {!q}
 o - 3 potions of haste {!q}
 p - 6 potions of heal wounds {!q}
 q - 6 potions of brilliance {!q}
 w - 2 potions of flight {!q}
 I - 2 potions of might {!q}
 K - 4 potions of mutation {!q}
 M - 3 potions of invisibility {!q}
 V - a potion of ambrosia {!q}
 Y - 3 potions of berserk rage {!q}
Miscellaneous
 L - a lamp of fire
 P - a lightning rod (4/4)
 Z - a phial of floods
Comestibles
 B - 14 rations


   Skills:
 - Level 9.0(8.0) Fighting
 - Level 10.0(9.0) Short Blades
 - Level 11.5(10.5) Dodging
 - Level 16.2(15.1) Stealth
 - Level 4.0(3.1) Shields
 + Level 15.4(14.3) Spellcasting
 - Level 4.0(3.1) Transmutations
 - Level 8.0(7.0) Earth Magic


You had 11 spell levels left.
You knew the following spells:

 Your Spells              Type           Power        Failure   Level  Hunger
a - Stone Arrow           Conj/Erth      ####..       3%          3    None
b - Passwall              Tmut/Erth      #####...     1%          2    None
c - Sandblast             Erth           #####.       1%          1    None
d - Lee's Rapid Deconstr  Erth           #####.....   7%          5    ###....
e - Petrify               Tmut/Erth      #####...     5%          4    None
f - Summon Butterflies    Summ           ###.....     4%          1    None
g - Passage of Golubria   Tloc           N/A          38%         4    None
h - Apportation           Tloc           ###...       4%          1    None
i - Summon Lightning Spi  Summ/Air       ###.....     38%         4    None
j - Deflect Missiles      Chrm/Air       ###.......   100%        6    #####..
v - Blink                 Tloc           N/A          6%          2    None
z - Confusing Touch       Hex            ###...       4%          1    None

Your spell library contained the following spells:

 Spells                   Type           Power        Failure   Level  Hunger
 Bolt of Cold             Conj/Ice       ###.......   100%        6    #####..
 Confuse                  Hex            ###.....     13%         3    None
 Invisibility             Hex            ###.....     100%        6    #####..
 Freezing Cloud           Conj/Ice/Air   ###.......   100%        6    #####..
 Mephitic Cloud           Conj/Pois/Air  ###.....     13%         3    None
 Venom Bolt               Conj/Pois      ###.......   75%         5    ###....
 Olgreb's Toxic Radiance  Pois           ###.....     38%         4    None
 Teleport Other           Tloc           ###.....     13%         3    None
 Summon Small Mammal      Summ           ###.         4%          1    None
 Ozocubu's Refrigeration  Ice            ###.......   100%        6    #####..
 Summon Ice Beast         Ice/Summ       ###.....     38%         4    None
 Call Imp                 Summ           ###.....     6%          2    None
 Sting                    Conj/Pois      ###.         4%          1    None
 Tukima's Dance           Hex            ###.....     13%         3    None
 Ice Form                 Ice/Tmut       ###.....     22%         4    None
 Call Canine Familiar     Summ           ###.....     13%         3    None
 Ensorcelled Hibernation  Hex/Ice        ###...       6%          2    None
 Metabolic Englaciation   Hex/Ice        ###.......   75%         5    ###....
 Silence                  Hex/Air        ###.......   75%         5    ###....
 Corona                   Hex            ###....      4%          1    None
 Alistair's Intoxication  Tmut/Pois      ###.....     52%         5    ###....
 Simulacrum               Ice/Necr       ###.......   100%        6    #####..
 Conjure Ball Lightning   Conj/Air       ###.......   100%        6    #####..
 Tornado                  Air            ###.......   100%        9    #######
 Shroud of Golubria       Chrm/Tloc      ###.......   6%          2    None
 Dazzling Spray           Conj/Hex       ###...       13%         3    None
 Summon Guardian Golem    Hex/Summ       ###.....     13%         3    None
 Gell's Gravitas          Tloc           ###.......   13%         3    None
 Yara's Violent Unravell  Hex/Tmut       ###.......   52%         5    ###....
 Lesser Beckoning         Tloc           ###.......   13%         3    None
 Poisonous Vapours        Pois/Air       ###...       6%          2    None


Dungeon Overview and Level Annotations

Branches:
Dungeon (15/15)            Temple (1/1) D:4            Lair (6/6) D:11
  Swamp (3/4) Lair:3       Spider (0/4) Lair:3        Slime (0/5) Lair:6
    Orc (2/2) D:10            Elf (0/3) Orc:2        Vaults (0/5) D:14
 Depths (0/5) D:15

Altars:
Ashenzari
Cheibriados
Dithmenos
Elyvilon
Fedhas
Gozag
Hepliaklqana
Kikubaaqudgha
Makhleb
Nemelex Xobeh
Okawaru
Qazlal
Ru
Sif Muna
Trog
Uskayaw
Vehumet
Wu Jian
Xom
Yredelemnul
Zin
The Shining One
Beogh

Shops:
D:5 :   D:6 =[*   D:7 ?   D:12 !   D:13 :   Orc:1 *   Orc:2 *[*(:
Lair:1 *[?*[   Lair:3 [=

Portals:
Hell: Lair:6


Innate Abilities, Weirdness & Mutations

You have a pair of large antennae on your head. (SInv)
You are mostly covered in thin metallic scales. (AC +3)
You are slightly more attuned to the shadows.
You sometimes gain a little power by taking damage.
You have sharp fingernails.
Your flesh is cold resistant. (rC+)
You passively map a small area around you.
You are weak. (Str -2)


Message History

The spectral alligator bites you but does no damage.
The spectral alligator closely misses you.
You completely miss the ghost crab.
The ghost crab is lightly damaged.
You are engulfed in spectral mist.
The ghost crab completely misses you. The ghost crab misses you.
The spectral five-headed hydra barely misses you.
The spectral five-headed hydra bites you but does no damage.
The spectral five-headed hydra bites you!
You feel drained.
You block the spectral five-headed hydra's attack.
The spectral five-headed hydra barely misses you.
You hit the ghost crab.
The ghost crab is lightly damaged.
You are engulfed in spectral mist.
The spectral alligator bites you!
* * * LOW HITPOINT WARNING * * *
You focus on the pain.
You feel agile all of a sudden.
You feel drained.
* * * LOW HITPOINT WARNING * * *
The spectral alligator closely misses you.
The spectral tyrant leech bites you!!
* * * LOW HITPOINT WARNING * * *
You focus on the pain.
You feel your power returning.
Unknown command.
The ghost crab breathes spectral mist at you.
The spectral mist engulfs the spectral five-headed hydra.
Unknown command.
Casting: Petrify (safe; 4% risk of failure)
Confirm with . or Enter, or press ? or * to list all spells.
You blink.
A tyrant leech comes into view.
Gozag incites the tyrant leech against you.
The tyrant leech goes berserk!
A tyrant leech comes into view.
Gozag incites the tyrant leech against you.
The tyrant leech goes berserk!
Really walk into that cloud of spectral mist?
You are engulfed in spectral mist.
* * * LOW HITPOINT WARNING * * *
The spectral tyrant leech fades away!
The spectral spriggan druid closely misses you.
The ghost crab stops moving altogether!
The spectral spriggan druid completely misses you.
The spectral swamp dragon bites you.
* * * LOW HITPOINT WARNING * * *
You feel drained.
You block the spectral swamp dragon's attack.
The spectral swamp dragon misses you.
The helpless ghost crab fails to defend itself.
You skewer the ghost crab like a kebab!!!!!
You destroy the ghost crab!
Dithmenos accepts your kill.
The spectral alligator fades away!
The spectral swamp dragon fades away!
The spectral five-headed hydra fades away!
The spectral spriggan druid fades away! x2; The spectral spiny frog fades away!
Base training target 9.0 for Fighting reached!
Your base Fighting skill increases to level 9!
Unknown command.
Okay, then.
Really quaff
p - 6 potions of heal wounds {!q}?
Gozag petitions for your drink to fail. The tyrant leech bites you!!
You die...

* ♣♣♣♣ *, ♣♣≈≈♣♣♣♣♣
♣..≈≈♣♣§♣♣
♣♣..♣.§§§♣ ,
♣≈..§.§♣♣ ,≈
##.###♣≈§.≈§§Z♣
.......≈§≈§♣§♣♣ ♣♣ ≈
#....#w@.§.♣♣♣
♣♣♣♣♣♣♣≈ ≈
,#...{#.≈..♣♣
♣.≈.≈♣♣≈ , ,
≈≈≈..#≈..≈.♣
♣♣≈≈≈.♣♣≈
..≈..#≈≈..♣♣♣
♣≈≈≈≈.... ≈
.≈≈≈w≈)≈.≈..♣
♣♣[≈§....
≈#......♣♣♣♣♣♣♣♣≈≈≈≈
, , ,
♣≈......≈♣♣≈♣♣♣♣.≈≈≈
* *
≈♣♣♣≈≈§≈...≈≈≈..≈≈≈≈
, ♣♣♣♣.≈≈≈≈≈≈≈≈≈≈≈≈


You could see a tyrant leech (berserk).

Vanquished Creatures
  2 frost giants
  An orc warlord (Orc:2)
  2 entropy weavers (Lair:6)
  The ghost of ThereIsNoGod the Fighter, a journeyman DsGl of Wu Jian (D:15)
  3 dire elephants (Lair:6)
  The ghost of Reyrhar the Grappler, a journeyman TrMo of Wu Jian (Lair:1)
  The ghost of Hilipneuta the Quickloader, a journeyman GnWn of Nemelex Xobeh (Orc:1)
  5 hydras
  Harold (Orc:1)
  An ogre mage (D:15)
  Fannar (Lair:1)
  A hell beast (Lair:6)
  2 death knights (D:13)
  6 centaur warriors
  A ghost crab (Swamp:3)
  7 death yaks
  Erica (D:10)
  10 two-headed ogres
  A queen ant (Lair:6)
  8 alligators
  2 orc high priests (Orc:2)
  Nergalle (D:12)
  4 unseen horrors
  A spriggan druid (Swamp:1)
  A swamp dragon (Swamp:2)
  A deep elf archer (D:14)
  8 orc knights
  A lindwurm (Lair:6)
  A shambling mangrove (Lair:3)
  3 wizards
  5 orc sorcerers
  4 deep elf magi
  3 cyclopes
  3 ugly things
  A salamander (Volcano)
  2 black mambas
  10 elephants
  2 guardian serpents (D:9)
  A smoke demon (Lair:6)
  Joseph (D:9)
  A molten gargoyle (Volcano)
  A gargoyle (D:11)
  Psyche (D:12)
  7 komodo dragons
  23 spiny frogs
  An efreet (D:15)
  4 freezing wraiths
  3 yaktaurs
  4 ice devils (Lair:6)
  3 kobold demonologists
  4 rime drakes
  A tengu conjurer (D:15)
  10 trolls
  16 polar bears
  A tyrant leech (Swamp:1)
  A queen bee (Lair:2)
  2 red devils (Lair:6)
  3 meliai (D:14)
  2 hornets
  9 blink frogs
  4 bog bodies
  9 slime creatures
  23 hippogriffs
  A spriggan (Swamp:1)
  53 yaks
  3 shadows
  6 wyverns
  A water elemental (D:15)
  2 wraiths (D:14)
  7 basilisks
  Eustachio (D:6)
  2 fire bats (Volcano)
  2 steam dragons
  8 vampire mosquitoes
  4 hungry ghosts
  3 wargs (Orc:2)
  11 swamp worms
  10 water moccasins
  4 hell hounds
  8 porcupines
  5 soldier ants (Lair:6)
  4 swamp drakes (Swamp:1)
  2 black bears
  41 orc warriors
  10 ice beasts
  4 sky beasts
  16 ogres
  An ogre (shapeshifter) (D:15)
  5 phantoms
  4 boggarts (Lair:4)
  32 wolves
  13 centaurs
  17 crocodiles
  6 big kobolds
  19 bullfrogs
  A hornet simulacrum (D:12)
  3 scorpions
  34 killer bees
  5 wights (D:11)
  7 howler monkeys
  11 electric eels
  5 centaur zombies
  4 crimson imps
  A bullfrog zombie (D:9)
  4 bullfrog skeletons
  8 centaur skeletons
  13 orc priests
  9 hounds
  9 jellies
  20 orc wizards
  6 iguanas
  6 hell rats (Lair:1)
  20 worker ants
  A hound zombie (D:8)
  2 hound skeletons
  14 river rats (Lair:1)
  12 adders
  12 gnolls
  3 shadow imps
  4 white imps (D:8)
  A worker ant simulacrum (D:8)
  2 ufetubi (D:8)
  7 oozes
  An adder zombie (D:5)
  2 adder skeletons
  3 worms
  3 dart slugs
  3 leopard geckos
  89 orcs
  4 giant cockroaches
  14 goblins
  20 hobgoblins
  12 jackals
  24 kobolds
  12 quokkas
  A ball python (D:2)
  5 bats
  5 frilled lizards
  A leopard gecko skeleton (D:4)
  2 quokka skeletons
  A quokka zombie (D:5)
  24 rats
999 creatures vanquished.

Vanquished Creatures (others)
  A polar bear (IceCv)
  A yak (IceCv)
  2 wolves (IceCv)
  A quokka simulacrum (D:8)
  38 fungi
  42 plants
85 creatures vanquished.

Grand Total: 1084 creatures vanquished

Notes
Turn   | Place    | Note
-------+----------+-------------------------------------------
     0 | D:1      | Amnesiac the Demonspawn Earth Elementalist began the quest for the Orb.
     0 | D:1      | Reached XP level 1. HP: 13/13 MP: 3/3
   264 | D:1      | Reached skill level 2 in Stealth
   264 | D:1      | Gained mutation: You have a pair of small antennae on your head. [demonic ancestry]
   264 | D:1      | Reached XP level 2. HP: 18/19 MP: 1/5
   333 | D:2      | Learned a level 2 spell: Passwall
   455 | D:2      | Reached skill level 1 in Transmutations
   581 | D:2      | Reached XP level 3. HP: 24/24 MP: 4/6
  1377 | D:4      | Noticed an ogre
  1379 | D:4      | Gained mutation: You have a pair of antennae on your head. [demonic ancestry]
  1379 | D:4      | Reached XP level 4. HP: 30/30 MP: 4/7
  1388 | D:4      | Killed an ogre
  1388 | D:4      | Reached XP level 5. HP: 35/35 MP: 1/9
  1400 | D:4      | Learned a level 4 spell: Petrify
  1585 | D:4      | Found a bloodstained altar of Trog.
  1656 | D:4      | Found a staircase to the Ecumenical Temple.
  1807 | Temple   | Entered the Ecumenical Temple
  1852 | Temple   | Became a worshipper of Gozag Ym Sagoz the Greedy
  2035 | D:1      | Gained mutation: You sometimes gain a little power by taking damage. [demonic ancestry]
  2035 | D:1      | Reached XP level 6. HP: 25/41 MP: 11/11
  2614 | D:2      | Reached skill level 5 in Earth Magic
  2632 | D:2      | HP: 1/41 [jackal (3)]
  4374 | D:4      | Learned a level 5 spell: Lee's Rapid Deconstruction
  4438 | D:4      | Killed a wizard
  4438 | D:4      | Reached XP level 7. HP: 46/46 MP: 1/13
  4534 | D:5      | Entered Level 5 of the Dungeon
  4831 | D:5      | Found an iron altar of Okawaru.
  4899 | D:5      | Learned a level 3 spell: Stone Arrow
  4910 | D:5      | Reached XP level 8. HP: 43/52 MP: 0/15
  5162 | D:5      | Reached skill level 5 in Spellcasting
  5337 | D:5      | HP: 1/52 [orc/hand axe (3)]
  5624 | D:5      | Found Leweupon's Book Boutique.
  6230 | D:6      | Got a transparent cloak
  6464 | D:6      | Noticed Eustachio
  6497 | D:6      | Killed Eustachio
  6741 | D:6      | Found Caontuv's Assorted Antiques.
  6744 | D:6      | Bought a scroll labeled WOASHR FODGHAMAXES for 20 gold pieces
  6744 | D:6      | Bought a glowing white potion for 18 gold pieces
  6744 | D:6      | Bought a red potion for 18 gold pieces
  6750 | D:6      | Identified the cursed +0 cloak of Anarchy {Regen+ Str+3 Dex+4} (You found it on level 6 of the Dungeon)
  7114 | D:6      | Reached skill level 5 in Dodging
  7114 | D:6      | Gained mutation: You are slightly more attuned to the shadows. [demonic ancestry]
  7114 | D:6      | Reached XP level 9. HP: 57/57 MP: 8/18
  7147 | D:6      | Found Wussuf's Jewellery Boutique.
  7152 | D:6      | Bought a cursed amulet of inaccuracy for 28 gold pieces
  7153 | D:6      | Bought an uncursed ring of magical power for 280 gold pieces
  7208 | D:6      | Found Zieduhuz's Armour Shop.
  7600 | D:7      | Reached skill level 1 in Shields
  8064 | D:7      | Found Ugittemp's Magic Scroll Shoppe.
  8067 | D:7      | Bought a scroll of teleportation for 45 gold pieces
  8067 | D:7      | Bought a scroll of magic mapping for 52 gold pieces
  8067 | D:7      | Bought a scroll of summoning for 142 gold pieces
  8070 | D:7      | Bought a scroll of identify for 30 gold pieces
  8070 | D:7      | Bought a scroll of identify for 30 gold pieces
  8070 | D:7      | Bought a scroll of identify for 30 gold pieces
  8074 | D:7      | Gained mutation: You expend magic power (3 MP) to strengthen your wands. [potion of mutation]
  8074 | D:7      | Gained mutation: Your spells are a little easier to cast, but a little less powerful. [potion of mutation]
  8074 | D:7      | Gained mutation: Your flesh is heat resistant. (rF+) [potion of mutation]
  8075 | D:7      | Lost mutation: Your flesh is heat resistant. (rF+) [potion of mutation]
  8075 | D:7      | Gained mutation: You are frail. (-10% HP) [potion of mutation]
  8075 | D:7      | Gained mutation: You have a pair of large antennae on your head. (SInv) [potion of mutation]
  8075 | D:7      | Gained mutation: You have supernaturally acute eyesight. (SInv) [potion of mutation]
  8076 | D:7      | Lost mutation: You are frail. (-10% HP) [potion of mutation]
  8076 | D:7      | Lost mutation: Your spells are a little easier to cast, but a little less powerful. [potion of mutation]
  8076 | D:7      | Lost mutation: You expend magic power (3 MP) to strengthen your wands. [potion of mutation]
  8076 | D:7      | Gained mutation: You are frail. (-10% HP) [potion of mutation]
  8076 | D:7      | Gained mutation: You are weak. (Str -2) [potion of mutation]
  8076 | D:7      | Gained mutation: You are partially covered in thin metallic scales. (AC +2) [potion of mutation]
  8077 | D:7      | Lost mutation: You have a pair of large antennae on your head. (SInv) [potion of mutation]
  8077 | D:7      | Lost mutation: You are partially covered in thin metallic scales. (AC +2) [potion of mutation]
  8077 | D:7      | Lost mutation: You are frail. (-10% HP) [potion of mutation]
  8077 | D:7      | Gained mutation: Your body sometimes deteriorates upon taking damage. [potion of mutation]
  8077 | D:7      | Gained mutation: You passively map a small area around you. [potion of mutation]
  8479 | D:8      | Reached skill level 1 in Short Blades
  9013 | D:8      | Gained mutation: You are partially covered in thin metallic scales. (AC +2) [demonic ancestry]
  9013 | D:8      | Reached XP level 10. HP: 59/63 MP: 22/22
  9276 | D:8      | Noticed a death yak
  9368 | D:8      | Killed a death yak
  9385 | D:8      | Reached skill level 10 in Spellcasting
 10052 | D:9      | Noticed a two-headed ogre
 10419 | D:9      | Noticed Joseph
 10428 | D:9      | Killed Joseph
 10467 | D:9      | Noticed a guardian serpent
 10480 | D:9      | Killed a guardian serpent
 10480 | D:9      | Reached XP level 11. HP: 30/68 MP: 26/26
 10925 | D:9      | Reached skill level 1 in Fighting
 10941 | D:9      | Got a shimmering leather armour
 10952 | D:9      | Identified the +1 leather armour of Distant Worlds {*Corrode rPois rF+ rN++} (You found it on level 9 of the Dungeon)
 11198 | D:9      | Killed a two-headed ogre
 11269 | D:10     | Entered Level 10 of the Dungeon
 11663 | D:10     | Found a staircase to the Orcish Mines.
 11702 | D:10     | Noticed a two-headed ogre
 11715 | D:10     | Killed a two-headed ogre
 12136 | D:10     | Noticed Erica
 12150 | D:10     | Killed Erica
 12399 | Orc:1    | Entered Level 1 of the Orcish Mines
 12399 | Orc:1    | Noticed an orc knight
 12532 | D:10     | Killed an orc knight
 12629 | D:10     | You fall through a shaft for 2 floors!
 12744 | D:12     | Paralysed by fainting for 9 turns
 12752 | D:12     | Noticed a green ugly thing
 12758 | D:12     | Noticed Nergalle
 12948 | D:12     | Reached skill level 3 in Stealth
 13012 | D:12     | Killed a green ugly thing
 13029 | D:12     | Noticed Psyche
 13037 | D:12     | Killed Psyche
 13037 | D:12     | Reached XP level 12. HP: 84/84 MP: 20/29
 13060 | D:12     | Killed Nergalle
 13142 | D:11     | Reached skill level 5 in Short Blades
 13142 | D:11     | Reached skill level 4 in Stealth
 13879 | D:11     | Reached skill level 5 in Stealth
 13976 | D:11     | Found a staircase to the Lair.
 14981 | D:12     | Found Zoaxtu's Distillery.
 15106 | D:12     | Lost mutation: Your body sometimes deteriorates upon taking damage. [potion of mutation]
 15106 | D:12     | Lost mutation: You have supernaturally acute eyesight. (SInv) [potion of mutation]
 15106 | D:12     | Gained mutation: You have sharp fingernails. [potion of mutation]
 15106 | D:12     | Gained mutation: Your flesh is cold resistant. (rC+) [potion of mutation]
 15418 | Orc:1    | Found a runed gate.
 15419 | Orc:1    | Found a runed gate.
 15419 | Orc:1    | Found an opulent altar of Gozag.
 15420 | Orc:1    | Found a runed gate.
 15427 | Orc:1    | Noticed Hilipneuta's ghost (journeyman GnWn)
 15428 | Orc:1    | Found Nuonaong's Assorted Antiques.
 15614 | Orc:1    | Noticed Harold
 15617 | Orc:1    | Reached skill level 6 in Stealth
 15627 | Orc:1    | Killed Harold
 15903 | Orc:1    | Bought a yellow potion for 24 gold pieces
 15949 | Orc:2    | Entered Level 2 of the Orcish Mines
 15952 | Orc:2    | Found Ohilufeb's General Store.
 16044 | Orc:2    | Found a roughly hewn altar of Beogh.
 16073 | Orc:2    | Noticed a two-headed ogre
 16097 | Orc:2    | Found a frozen archway.
 16107 | IceCv    | Entered an ice cave
 16321 | IceCv    | Reached XP level 13. HP: 75/89 MP: 12/30
 16452 | IceCv    | Reached skill level 7 in Stealth
 16765 | IceCv    | Noticed a frost giant
 16996 | IceCv    | Killed a frost giant
 17062 | IceCv    | Got a serpentine lead ring
 17076 | IceCv    | Identified the ring "Pietauq" {Ice rPois} (You found it in an ice cave)
 17368 | Orc:2    | Reached skill level 10 in Short Blades
 17446 | Orc:2    | Reached skill level 8 in Stealth
 17480 | Orc:2    | Noticed an orc warlord
 17498 | Orc:2    | Killed an orc warlord
 17677 | Orc:1    | Killed Hilipneuta's ghost
 17793 | Orc:2    | Reached skill level 9 in Stealth
 18035 | Orc:2    | Paralysed by an orc sorcerer for 2 turns
 18220 | Orc:2    | Found Moekisil's Antique Armour Shop.
 18341 | Orc:2    | Found a staircase to the Elven Halls.
 18359 | Orc:2    | Reached skill level 10 in Stealth
 18383 | Orc:2    | Found Agudit's Antique Weapon Emporium.
 18442 | Orc:2    | Found Zyodghog's Book Boutique.
 18449 | Orc:2    | Bought a manual of Stealth for 1545 gold pieces
 18903 | Orc:2    | Bought a scroll of identify for 42 gold pieces
 19037 | D:13     | Found Mokhum's Book Emporium.
 19185 | D:13     | Reached skill level 11 in Stealth
 19200 | D:13     | Gained mutation: You are mostly covered in thin metallic scales. (AC +3) [demonic ancestry]
 19200 | D:13     | Reached XP level 14. HP: 96/96 MP: 31/31
 19597 | D:13     | Reached skill level 12 in Stealth
 20022 | D:13     | Reached skill level 13 in Stealth
 20188 | D:13     | Identified a scroll of acquirement {!r}
 20371 | D:14     | Found a runed door.
 20375 | D:14     | Noticed ThereIsNoGod's ghost (journeyman DsGl)
 20510 | D:14     | Reached skill level 14 in Stealth
 20688 | D:15     | Entered Level 15 of the Dungeon
 20711 | D:15     | Killed ThereIsNoGod's ghost
 21205 | D:14     | Learned a level 2 spell: Blink
 21210 | D:14     | Learned a level 1 spell: Summon Butterflies
 21230 | D:14     | Reached skill level 15 in Stealth
 21860 | D:14     | Found a gate to the Vaults.
 21906 | D:14     | Reached skill level 16 in Stealth
 22408 | D:15     | Reached skill level 5 in Fighting
 22914 | D:15     | Found a staircase to the Depths.
 22914 | D:15     | Noticed a frost giant
 22916 | D:15     | Killed a frost giant
 23259 | Lair:1   | Entered Level 1 of the Lair of Beasts
 23690 | Lair:1   | Gained mutation: You have a pair of large antennae on your head. (SInv) [demonic ancestry]
 23690 | Lair:1   | Reached XP level 15. HP: 102/105 MP: 11/32
 24241 | Lair:1   | Learned a level 4 spell: Passage of Golubria
 24243 | Lair:1   | Learned a level 1 spell: Confusing Touch
 24245 | Lair:1   | Learned a level 1 spell: Apportation
 24249 | Lair:1   | Noticed Fannar
 24255 | Lair:1   | Killed Fannar
 24307 | Lair:1   | Found a runed door.
 24309 | Lair:1   | Noticed Reyrhar's ghost (journeyman TrMo)
 24813 | Lair:1   | Killed Reyrhar's ghost
 26192 | Lair:3   | Found a hole to the Spider Nest.
 26439 | Lair:3   | Found a dark tunnel.
 26444 | Volcano  | Entered a volcano
 26695 | Lair:3   | Found a staircase to the Swamp.
 27851 | Lair:4   | Learned a level 4 spell: Summon Lightning Spire
 28550 | Lair:5   | Reached skill level 15 in Spellcasting
 29215 | Lair:6   | Entered Level 6 of the Lair of Beasts
 29434 | Lair:6   | Learned a level 6 spell: Deflect Missiles
 29491 | Lair:6   | Reached skill level 10 in Dodging
 30191 | Lair:6   | Found a staircase to the Slime Pits.
 30477 | Lair:6   | Reached XP level 16. HP: 37/111 MP: 35/35
 30701 | Lair:6   | Found a burning altar of Makhleb.
 30931 | Lair:6   | Got a smoking shield
 30941 | Lair:6   | Found a gateway to Hell.
 30960 | Lair:6   | Identified the +2 shield "Rafo Wya" {+Blink rElec rF- Slay+4} (You took it off a red devil on level 6 of the Lair of Beasts)
 31802 | Swamp:1  | Entered Level 1 of the Swamp
 32006 | Lair:3   | Bought the +5 robe of Night {Dark MR+ SInv} for 1260 gold pieces
 32006 | Lair:3   | Found the +5 robe of Night {Dark MR+ SInv}
 32018 | Lair:3   | Bought a runed cloak for 157 gold pieces
 32278 | Temple   | Fell from the grace of Gozag
 32278 | Temple   | Became a worshipper of Dithmenos the Shadowed
 33953 | Swamp:2  | Reached * piety under Dithmenos
 34921 | Swamp:2  | Noticed a thorn hunter
 35317 | Swamp:3  | Slain by a tyrant leech

Vault maps used:
D:1:      elethiomel_arrival_maze
D:2:      st_stairs_8, minmay_misc_feat_room, hangedman_decor_lopped
D:4:      minmay_temple_entry_glassed_door, first_ration, trog_wizard
D:5:      okawaru_trees_2, serial_shops, shop
D:6:      serial_shops, kennysheep_mini_moat, shop, shop, uniq_eustachio
D:7:      serial_shops, nicolae_shop_stone
D:8:      corexii_shantytown, serial_ice, serial_ice_i, serial_ice_a,
          serial_ice_n, serial_ice_b, serial_ice_o, serial_ice_m
D:9:      nrook_guardian_serpent_snake_passage, uniq_joseph
D:10:     orc_0_dummy, hangedman_little_slice_of_home, uniq_erica
D:11:     david_lair_shrubbed, serial_bayou, serial_bayou_pond_e,
          serial_bayou_shore_a, serial_bayou_crossing, serial_bayou_lagoon_a
D:12:     serial_shops, kennysheep_mini, uniq_psyche, uniq_nergalle
D:13:     serial_shops, shop, minivault_12
D:14:     hangedman_vaults_entry_quadrant_bands, hellmonk_ghost_happy_afterlife,
          minmay_misc_feat_iff
D:15:     grunt_enter_depths_snipers
Temple:   grunt_wide_crystal_templ
Lair:1:   lemuel_ratsnest, ebering_ghost_inner_flame, serial_bayou_shore_b,
          uniq_fannar
Lair:2:   regret_index_bee_streams
Lair:3:   minmay_swamp_entry_worms, dummy_spider_entry, enter_volcano_4,
          grunt_megastairs_5, lemuel_fruit_fields, infiniplex_staircase_pool
Lair:4:   kilobyte_rumbling_trees
Lair:6:   evil_forest, minmay_slime_entry_pillars, wad_woods_antlair,
          grunt_megastairs_3
Swamp:1:  evilmike_swamp_ruin_house_1, swamp_pool1
Swamp:2:  evilmike_swamp_ruin_house_2
Swamp:3:  gammafunk_ghost_split, evilmike_swamp_ruin_house_6
Orc:1:    ebering_ghost_gozag, uniq_harold
Orc:2:    grunt_orc_gardens, grunt_orc_garden, grunt_orc_garden,
          grunt_orc_garden, grunt_orc_garden, portal_ice_cave_rime, mines2_david
IceCv:    ice_cave_caverns_03
Volcano:  volcano_village

Skill      XL: |  1  2  3  4  5  6  7  8  9 10 11 12 13 14 15 16 |
---------------+-------------------------------------------------+-----
Dodging        | 2 3 5 6 11 | 11.5
Stealth        | 2 3 6 11 16 | 16.2
Earth Magic    | 3 4 6 7 8 |  8.0
Transmutations | 1 4 |  4.0
Spellcasting   | 3 4 6 8 11 13 15 | 15.4
Shields        | 3 4 |  4.0
Short Blades   | 2 4 8 10 | 10.0
Fighting       | 4 6 9 |  9.0

Action                   |  1- 3 |  4- 6 |  7- 9 | 10-12 | 13-15 | 16-18 || total
-------------------------+-------+-------+-------+-------+-------+-------++-------
Melee: Unarmed           |     7 |       |       |       |       |       ||     7
       Dagger            |    18 |       |   116 |   670 |  1879 |   503 ||  3186
       Quarterstaff      |    47 |       |       |       |       |       ||    47
       Whip              |       |   158 |   286 |       |       |       ||   444
Throw: Stone             |       |       |       |       |     1 |       ||     1
 Cast: Sandblast         |    28 |    42 |     4 |     3 |     1 |       ||    78
       Lee's Rapid Decon |       |     1 |    11 |    52 |   120 |     2 ||   186
       Stone Arrow       |       |       |    59 |   162 |   138 |    33 ||   392
       Petrify           |       |       |     8 |   124 |   275 |    82 ||   489
       Passwall          |       |       |    14 |    20 |    34 |     1 ||    69
       Blink             |       |       |       |       |     6 |     4 ||    10
       Passage of Golubr |       |       |       |       |     1 |       ||     1
       Apportation       |       |       |       |       |       |     1 ||     1
       Confusing Touch   |       |       |       |       |       |     1 ||     1
Invok: Potion Petition   |       |       |     1 |       |       |       ||     1
       Call Merchant     |       |       |       |       |     6 |     2 ||     8
Evoke: Wand              |       |       |       |       |     8 |     6 ||    14
       Lamp of fire      |       |       |       |       |     1 |       ||     1
  Use: Scroll            |       |     5 |     7 |     6 |    17 |     2 ||    37
       Potion            |       |     1 |     5 |     3 |     5 |     1 ||    15
 Stab: Sleeping          |     1 |     5 |    20 |    23 |    78 |    10 ||   137
       Petrified         |       |       |    41 |   142 |    89 |    38 ||   310
       Invisible         |       |       |     1 |       |       |       ||     1
       Petrifying        |       |       |     2 |    36 |   131 |    35 ||   204
       Distracted        |       |       |       |     3 |    10 |     4 ||    17
       Paralysed         |       |       |       |       |     2 |       ||     2
  Eat: Chunk             |     2 |     2 |       |       |       |       ||     4
       Ration            |       |     3 |     7 |    12 |    18 |     5 ||    45
Armor: Robe              |    16 |    17 |    44 |    17 |       |    33 ||   127
       Leather armour    |       |       |       |   124 |   327 |    18 ||   469
Dodge: Dodged            |    68 |   132 |   259 |   366 |  1087 |   272 ||  2184
Block: Buckler           |       |       |    59 |   132 |   415 |    61 ||   667

Table legend:
 A = Spawn XP
 B = Non-spawn XP
 C = Spawn XP percentage of total XP
 D = Spawn monster count
 E = Non-spawn monster count
 F = Spawn count percentage of total count
 G = Total turns spent on level
                    A         B        C        D         E        F      G
               +---------+---------+-------+---------+---------+-------+---------
         Total |       0 |  187079 |   0.0 |       0 |    1000 |   0.0 | 35317
               +---------+---------+-------+---------+---------+-------+---------
           D:1 |       0 |      63 |   0.0 |       0 |      32 |   0.0 |   750
           D:2 |       0 |     118 |   0.0 |       0 |      25 |   0.0 |  1474
           D:3 |       0 |      45 |   0.0 |       0 |      21 |   0.0 |   619
           D:4 |       0 |     956 |   0.0 |       0 |      21 |   0.0 |  1667
           D:5 |       0 |     683 |   0.0 |       0 |      28 |   0.0 |  1439
           D:6 |       0 |     948 |   0.0 |       0 |      19 |   0.0 |  1475
           D:7 |       0 |    1147 |   0.0 |       0 |      20 |   0.0 |   993
           D:8 |       0 |    5495 |   0.0 |       0 |      90 |   0.0 |  1689
           D:9 |       0 |    4464 |   0.0 |       0 |      44 |   0.0 |  1303
          D:10 |       0 |    6464 |   0.0 |       0 |      45 |   0.0 |  1472
          D:11 |       0 |    5363 |   0.0 |       0 |      35 |   0.0 |  1367
          D:12 |       0 |    6186 |   0.0 |       0 |      30 |   0.0 |  1595
          D:13 |       0 |   13907 |   0.0 |       0 |      37 |   0.0 |  1411
          D:14 |       0 |   12453 |   0.0 |       0 |      53 |   0.0 |  1616
          D:15 |       0 |   12103 |   0.0 |       0 |      32 |   0.0 |  1137
        Lair:1 |       0 |    9132 |   0.0 |       0 |      66 |   0.0 |  1550
        Lair:2 |       0 |    8129 |   0.0 |       0 |      60 |   0.0 |  1271
        Lair:3 |       0 |    6960 |   0.0 |       0 |      31 |   0.0 |  1577
        Lair:4 |       0 |    2704 |   0.0 |       0 |      16 |   0.0 |   746
        Lair:5 |       0 |    4628 |   0.0 |       0 |      16 |   0.0 |  1215
        Lair:6 |       0 |   29955 |   0.0 |       0 |      77 |   0.0 |  2435
       Swamp:1 |       0 |   12906 |   0.0 |       0 |      33 |   0.0 |  1187
       Swamp:2 |       0 |    7037 |   0.0 |       0 |      22 |   0.0 |  1360
       Swamp:3 |       0 |     922 |   0.0 |       0 |       1 |   0.0 |    64
         Orc:1 |       0 |    4979 |   0.0 |       0 |      20 |   0.0 |   982
         Orc:2 |       0 |   14843 |   0.0 |       0 |      77 |   0.0 |  1680
         IceCv |       0 |   10215 |   0.0 |       0 |      40 |   0.0 |   989
       Volcano |       0 |    4274 |   0.0 |       0 |       9 |   0.0 |   154
               +---------+---------+-------+---------+---------+-------+---------
